 Dungeon Crawl Stone Soup version 0.28.0-45-g0d030f2227 (webtiles) character file.

Game seed: 1062973693753860758

176905 Icepheonix32 the Fencer (level 17, -6/213 HPs)
             Began as a Demonspawn Fighter on Apr 13, 2022.
             Was the Champion of Qazlal.
             Mangled by a snapping turtle (13 damage)
             ... on level 4 of the Shoals.
             The game lasted 01:34:23 (35948 turns).

Icepheonix32 the Fencer (Demonspawn Fighter)       Turns: 35948, Time: 01:34:23

Health: -6/213     AC: 43    Str: 33    XL:     17   Next: 52%
Magic:  24/24      EV: 11    Int: 16    God:    Qazlal [******]
Gold:   2162       SH: 17    Dex: 12    Spells: 0/20 levels left

rFire   . . .      SeeInvis +   H - +10 great sword of the Shore {pain, rPois rN+}
rCold   . . .      Faith    .   (shield currently unavailable)
rNeg    + + +      Spirit   .   C - +9 plate armour of Herrimuv {rElec rCorr Str+3}
rPois   +          Reflect  +   (helmet unavailable)
rElec   +          Harm     +   R - scarf {harm}
rCorr   +          Rampage  .   m - +2 pair of gloves
Will    +....      Clarity  +   s - +0 pair of boots of Zarownet {Drain Int+3 SInv}
Stlth   ..........              E - amulet of reflection
HPRegen 0.45/turn               G - ring of Sif Muna's Generosity {*Slow rPois rN++ Str+6 Stlth+}
MPRegen 0.19/turn               O - +4 ring of slaying

@: berserking (expiring), protected from physical damage, studying Fighting,
repel missiles, slow
A: horns 3, thin metallic scales 1, icemail 2, condensation shield, demonic
magic 1, clarity, strong 1
a: Renounce Religion, Upheaval, Elemental Force, Disaster Area


You were on level 4 of the Shoals.
You worshipped Qazlal.
Qazlal was exalted by your worship.
You visited 5 branches of the dungeon, and saw 28 of its levels.
You also visited: Bailey and Gauntlet.

You collected 2891 gold pieces.
You spent 729 gold pieces at shops.

Inventory:

Hand Weapons
 j - a +1 dagger of draining
 k - a +0 scimitar of flaming
 t - the +5 falchion of Dust {antimagic, rC+ Int+7 Dex-2}
   (You found it on level 4 of the Dungeon)

   It reduces the magical energy of the wielder, and disrupts the spells and
   magical abilities of those it strikes.
   Natural abilities and divine invocations are not affected.
   Int:       It affects your intelligence (+7).
   Dex:       It affects your dexterity (-2).
   rC:        It protects you from cold.
 H - the +10 great sword of the Shore (weapon) {pain, rPois rN+}
   (You bought it in a shop on level 1 of the Dungeon)

   In the hands of one skilled in necromantic magic, it inflicts extra damage on
   living creatures.
   rPois:     It protects you from poison.
   rN:        It protects you from negative energy.
 J - a +6 shortbow
Missiles
 b - 3 throwing nets
 h - 7 silver boomerangs
 K - 482 arrows
 Q - 15 javelins (quivered)
Armour
 l - a +2 buckler of protection
 m - a +2 pair of gloves (worn)
 s - the +0 pair of boots of Zarownet (worn) {Drain Int+3 SInv}
   (You bought it in a shop on level 2 of the Orcish Mines)

   Int:       It affects your intelligence (+3).
   SInv:      It lets you see invisible.
   Drain:     It drains your maximum health when unequipped.
 C - the +9 plate armour of Herrimuv (worn) {rElec rCorr Str+3}
   (You took it off a minotaur in a Gauntlet)

   Str:       It affects your strength (+3).
   rElec:     It insulates you from electricity.
   rCorr:     It protects you from acid and corrosion.
 R - a scarf of harm (worn)
Jewellery
 v - a +6 ring of intelligence
 w - a ring of protection from fire
 B - a ring of flight
 E - an amulet of reflection (around neck)
 G - the ring of Sif Muna's Generosity (left hand) {*Slow rPois rN++ Str+6 Stlth+}
   (You found it in a Gauntlet)

   [ring of strength]

   Str:       It affects your strength (+6).
   rPois:     It protects you from poison.
   rN:        It greatly protects you from negative energy.
   *Slow:     It may slow you when you take damage.
   Stlth:     It makes you more stealthy.
 O - a +4 ring of slaying (right hand)
 Z - a ring of wizardry
Wands
 d - a wand of digging (4)
 p - a wand of paralysis (11)
 D - a wand of iceblast (81)
 N - a wand of mindburst (8)
 P - a wand of polymorph (8)
 V - a wand of acid (12)
Scrolls
 c - 2 scrolls of summoning
 e - 5 scrolls of enchant armour
 f - 4 scrolls of fog
 i - 11 scrolls of teleportation
 z - 6 scrolls of amnesia
 A - 3 scrolls of silence
 F - 9 scrolls of fear
 L - 3 scrolls of magic mapping
 M - 3 scrolls of holy word
 S - 8 scrolls of identify
Potions
 g - 6 potions of curing
 n - 2 potions of attraction
 o - a potion of resistance
 q - 4 potions of lignification
 r - 3 potions of brilliance
 T - 2 potions of magic
 Y - 3 potions of haste
Miscellaneous
 x - a lightning rod (4/4)
 W - a phantom mirror
 X - a phial of floods


   Skills:
 + Level 15.5 Fighting
 - Level 1.7(10.9) Short Blades
 - Level 16.4(16.5) Long Blades
 - Level 1.0(1.4) Axes
 - Level 1.0(1.4) Maces & Flails
 - Level 1.0(1.4) Polearms
 - Level 1.0(1.4) Staves
 - Level 1.0(1.9) Slings
 - Level 3.0 Bows
 - Level 1.0 Crossbows
 - Level 2.5(2.7) Throwing
 * Level 13.5 Armour
 - Level 6.0 Dodging
 - Level 3.0 Stealth
 - Level 6.2 Shields
 - Level 1.0 Unarmed Combat
 - Level 2.0 Spellcasting
 - Level 4.0 Conjurations
 - Level 1.1 Hexes
 - Level 1.1 Summonings
 + Level 10.4 Necromancy
 - Level 1.6 Translocations
 - Level 1.6 Transmutations
 - Level 1.0 Fire Magic
 - Level 1.0 Ice Magic
 - Level 4.7 Air Magic
 - Level 1.2 Earth Magic
 - Level 4.1 Poison Magic
 - Level 10.3 Invocations
 - Level 2.6 Evocations


You couldn't memorise any spells.
You knew the following spells:

 Your Spells              Type           Power      Damage    Failure   Level
a - Call Canine Familiar  Summ           5%         N/A       89%         3
b - Mephitic Cloud        Conj/Pois/Air  15%        N/A       47%         3
c - Animate Skeleton      Necr           70%        N/A       1%          1
d - Pain                  Necr           100%       1d9       1%          1
e - Vampiric Draining     Necr           35%        2d8       4%          3
f - Anguish               Hex/Necr       10%        N/A       67%         4
g - Agony                 Necr           35%        N/A       36%         5

Your spell library contained the following spells:

 Spells                   Type           Power      Damage    Failure   Level
 Magic Dart               Conj           56%        1d5       21%         1
 Searing Ray              Conj           28%        2d5       30%         2
 Excruciating Wounds      Necr           17%        N/A       36%         5
 Slow                     Hex            20%        N/A       54%         1
 Summon Small Mammal      Summ           20%        N/A       54%         1
 Call Imp                 Summ           5%         N/A       69%         2
 Conjure Flame            Conj/Fire      9%         6-21      73%         3
 Ignite Poison            Fire/Tmut/Pois 8%         N/A       77%         3
 Gell's Gravitas          Tloc           6%         N/A       85%         3
 Teleport Other           Tloc           6%         N/A       85%         3
 Olgreb's Toxic Radiance  Pois           14%        N/A       88%         4
 Confusing Touch          Hex            5%         N/A       89%         3
 Summon Guardian Golem    Hex/Summ       5%         N/A       89%         3
 Tukima's Dance           Hex            5%         N/A       89%         3
 Iskenderun's Mystic Bla  Conj/Tloc      10%        2d4       97%         4
 Fulminant Prism          Conj/Hex       4%         3d6       98%         4
 Sticky Flame             Conj/Fire      9%         2d3       98%         4
 Passage of Golubria      Tloc           6%         N/A       99%         4
 Lee's Rapid Deconstruct  Erth           2%         3d6*      100%        5
 Yara's Violent Unravell  Hex/Tmut       2%         3d3       100%        5
 Dispersal                Tloc           3%         N/A       100%        6
 Enfeeble                 Hex            2%         N/A       100%        7
 Orb of Destruction       Conj           7%         9d6       100%        7
 Ozocubu's Refrigeration  Ice            2%         4d5       100%        7
 Spellforged Servitor     Conj/Summ      4%         N/A       100%        7
 Ignition                 Fire           2%         3d3       100%        8
 Chain Lightning          Conj/Air       7%         3d10      100%        9
 Fire Storm               Conj/Fire      4%         8d1       100%        9
 Shatter                  Erth           2%         3d6*      100%        9


Dungeon Overview and Level Annotations

Branches:
Dungeon (15/15)            Temple (1/1) D:5            Lair (6/6) D:10
 Shoals (4/4) Lair:3       Spider (0/4) Lair:3        Slime (0/5) Lair:5
    Orc (2/2) D:11            Elf (0/3) Orc:2        Vaults (0/5) D:13
 Depths (0/4) D:15         Bailey (visited)         Gauntlet (visited)

Altars:
Ashenzari
Cheibriados
Dithmenos
Elyvilon
Fedhas
Gozag
Hepliaklqana
Kikubaaqudgha
Makhleb
Nemelex Xobeh
Okawaru
Qazlal
Ru
Sif Muna
Trog
Uskayaw
Vehumet
Wu Jian
Xom
Yredelemnul
Zin
The Shining One
Jiyva

Shops:
D:1 (   D:7 (   D:13 :   Orc:2 :([*   Shoals:2 [

Annotations:
D:14 3 runed translucent doors, Vuitwomp's ghost, journeyman MiGl
Lair:6 3 runed translucent doors, Tyvvaakk's ghost, journeyman MfBe
Shoals:1 3 runed translucent doors, Rofilut's ghost, adept GrFi
Orc:2 1 runed translucent door


Innate Abilities, Weirdness & Mutations

You have a pair of large horns on your head.
You are partially covered in thin metallic scales. (AC +2)
A meltable icy envelope protects you from harm. (AC +8)
A meltable shield of frost defends you. (SH +4)
Spells you cast may paralyse adjacent enemies.
You possess an exceptional clarity of mind.
Your muscles are strong. (Str +2)


Message History

You slash the merfolk aquamancer!
The merfolk aquamancer writhes in agony!
You headbutt the merfolk aquamancer!
The merfolk aquamancer is severely wounded.
You block the merfolk impaler's attack.
The merfolk aquamancer points at you and mumbles some strange words.
The torrent of water hits you!!
* * * LOW HITPOINT WARNING * * *
You are knocked back by the torrent of water.
You collide with the merfolk impaler!
The merfolk impaler dies!
You hear a splash. x2
The wave splashes down.
Splash!
You fall into the shallow water.
Moving in this stuff is going to be slow.
The alligator snapping turtle bites you from afar!
* * * LOW HITPOINT WARNING * * *
The manticore bites you but does no damage.
You block the manticore's attack. The manticore barely misses you.
The snapping turtle bites you but does no damage.
You block the merfolk's attack.
You hear a shout! x7
Your unstable footing causes you to fumble your attack.
The merfolk throws a boomerang.
You reflect the boomerang off an invisible shield around you!
The boomerang hits the merfolk!
The merfolk aquamancer gestures at you while chanting.
The torrent of water is repelled.
The wave splashes down.
You hear a shout!
You are too berserk!
You cut the merfolk aquamancer into ribbons!!!
You kill the merfolk aquamancer!
Qazlal accepts your kill.
You hear a splash. x2
You block the manticore's attack. x3
The alligator snapping turtle bites you but does no damage.
The merfolk misses you.
The snapping turtle bites you from afar!
You die...

##≈.≈≈ ≈≈≈≈≈≈≈≈
######.≈≈≈ .≈≈≈≈≈≈≈
#.#≈#≈≈≈≈≈ #.≈≈≈≈≈≈
....≈≈≈≈≈≈ #..≈≈...
.....≈≈≈≈≈ #.....
.......≈≈## #.....
.P....°tt≈# ##≈....
...)..○≈§## #≈.....
.......)@)# #≈..))†
.......H)## ##....)
≈P....)mm### ###....†
≈≈......m≈.#######≈≈..)))
≈≈≈........≈##≈≈##≈≈..)..
≈≈.........H.≈≈≈≈≈≈≈....≈
≈≈............≈≈≈≈≈≈≈..≈≈
≈≈...........m≈≈≈≈≈≈≈≈.≈≈
..............≈≈≈≈[≈.....


You could see an alligator snapping turtle, a snapping turtle, 2 merfolk, a
manticore and a merfolk siren.

Vanquished Creatures
  A kraken (Shoals:1)
  A sphinx (D:14)
  Kirke (D:14)
  Louise (Shoals:1)
  3 orc warlords
  A vampire knight (D:14)
  An entropy weaver (Gauntlet)
  A dire elephant (Lair:5)
  A minotaur (Gauntlet)
  2 merfolk javelineers (Shoals:2)
  The ghost of Serogusm the Archer, a journeyman CeAM of Okawaru (Lair:5)
  3 merfolk impalers
  14 hydras
  Erolcha (D:12)
  2 ogre magi
  2 catoblepae
  A boulder beetle (Lair:5)
  4 merfolk avatars
  6 centaur warriors
  3 merfolk aquamancers
  3 death yaks (D:10)
  A satyr (Shoals:3)
  11 two-headed ogres
  The ghost of nickcage the Fighter, a novice DjFE of Nemelex Xobeh (D:11)
  A death knight (D:13)
  4 tengu warriors
  3 orc high priests
  5 spriggan berserkers (D:15)
  Urug (Orc:1)
  A deep elf knight (D:13)
  Nergalle (Lair:4)
  A sixfirhy (Gauntlet)
  A wretched star (Gauntlet)
  3 skeletal warriors
  9 sea snakes
  A spark wasp zombie (D:15)
  Pikel (D:5)
  7 orc knights
  18 harpies
  A deep elf pyromancer (D:14)
  A necromancer (D:15)
  2 phantasmal warriors
  A wizard (D:14)
  An iron dragon zombie (D:15)
  A deep elf zephyrmancer (D:13)
  A wolf spider (Lair:4)
  2 orc sorcerers (Orc:1)
  15 ugly things
  2 oklob plants (Lair:5)
  A frost giant zombie (D:15)
  14 manticores
  12 fauns
  11 merfolk sirens
  Joseph (Lair:1)
  8 cyclopes
  Maurice (D:12)
  39 elephants
  12 cane toads
  3 torpor snails
  2 water nymphs (Shoals:1)
  4 gargoyles
  An unseen horror (D:11)
  6 komodo dragons
  A yaktaur (D:14)
  An efreet (D:15)
  8 rime drakes
  A minotaur zombie (Gauntlet)
  A komodo dragon (shapeshifter) (D:13)
  3 freezing wraiths
  9 trolls
  4 tengu conjurers
  A spriggan skeleton (D:15)
  31 merfolk
  2 wind drakes
  3 hornets
  3 polar bears
  12 blink frogs (Lair:6)
  A polar bear (shapeshifter) (D:14)
  A raiju (shapeshifter) (D:13)
  Grinder (D:4)
  9 slime creatures
  6 dream sheep (Lair:6)
  9 snapping turtles
  A centaur simulacrum (D:15)
  Sigmund (D:6)
  5 water elementals (Shoals:1)
  38 yaks
  A shadow (D:10)
  2 hogs (D:14)
  4 wraiths
  12 basilisks
  9 wyverns
  A steam dragon (Lair:5)
  A neqoxec (Gauntlet)
  A redback (Gauntlet)
  3 vampire mosquitoes
  Menkaure (D:4)
  5 wargs
  4 acid dragons
  20 water moccasins
  39 orc warriors
  2 sky beasts
  2 necrophages (D:6)
  A black bear (Lair:1)
  An ogre (shapeshifter) (D:13)
  26 ogres
  24 wolves
  9 centaurs
  2 lemures (D:5)
  A kobold brigand (D:9)
  18 bullfrogs
  2 gnoll sergeants
  A wyvern zombie (D:8)
  2 scorpions
  A hornet simulacrum (D:15)
  3 killer bees (D:9)
  3 wights (D:10)
  4 electric eels
  4 howler monkeys (D:8)
  4 centaur zombies
  A bullfrog zombie (D:7)
  5 hounds
  5 centaur skeletons
  11 orc priests
  A gnoll shaman (D:7)
  Ijyb (D:5)
  Natasha (thrice) (D:4)
  25 orc wizards
  3 iguanas
  6 hell rats (Lair:4)
  2 killer bee zombies
  A hound skeleton (D:5)
  18 gnolls
  2 river rats (D:10)
  7 adders
  A shadow imp (D:7)
  A white imp (D:6)
  5 ufetubi
  An adder skeleton (D:5)
  4 worms
  4 dart slugs
  65 orcs
  5 ball pythons
  10 bats
  4 endoplasms
  7 giant cockroaches
  26 goblins
  13 hobgoblins
  2 quokkas
  4 frilled lizards
  A jackal skeleton (D:4)
  13 kobolds
  11 rats
  4 tentacles (Shoals:1)
902 creatures vanquished.

Vanquished Creatures (others)
  A merfolk impaler (Shoals:4)
  A wizard (D:14)
  2 humans (D:14)
  An orc warrior (Orc:2)
  An orc wizard (D:6)
  A kobold (D:9)
  18 demonic plants (Gauntlet)
  29 fungi
  42 plants
  3 tentacles (Shoals:1)
  A withered plant (D:15)
100 creatures vanquished.

Grand Total: 1002 creatures vanquished

Notes
Turn   | Place    | Note
-------+----------+-------------------------------------------
     0 | D:1      | Icepheonix32 the Demonspawn Fighter began the quest for the
                  | Orb.
     0 | D:1      | Reached XP level 1. HP: 18/18 MP: 1/1
   112 | D:1      | Reached skill level 2 in Long Blades
   112 | D:1      | Gained mutation: You have a pair of small horns on your
                  | head. [demonic ancestry]
   112 | D:1      | Reached XP level 2. HP: 20/24 MP: 2/2
   471 | D:1      | Found Wenubio's Antique Weapon Emporium.
   484 | D:1      | Reached XP level 3. HP: 29/29 MP: 3/3
   943 | D:2      | You fall into a shaft and drop 1 floor!
  1608 | D:2      | Reached XP level 4. HP: 37/37 MP: 4/4
  1699 | D:2      | Reached skill level 1 in Short Blades
  2412 | D:3      | Found a snail-covered altar of Cheibriados.
  2634 | D:3      | Found a faded altar of an unknown god.
  2905 | D:4      | Noticed a centaur
  2914 | D:4      | Killed a centaur
  2915 | D:4      | Gained mutation: A meltable shield of frost defends you.
                  | (SH +4) [demonic ancestry]
  2915 | D:4      | Reached XP level 5. HP: 34/42 MP: 5/5
  2936 | D:4      | Reached skill level 1 in Dodging
  3134 | D:4      | Noticed Menkaure
  3152 | D:4      | Killed Menkaure
  3153 | D:4      | Gained mutation: You have a pair of horns on your head.
                  | [demonic ancestry]
  3153 | D:4      | Reached XP level 6. HP: 12/48 MP: 6/6
  3453 | D:4      | Identified the +5 falchion of Dust {antimagic, rC+ Int+7
                  | Dex-2}
  3464 | D:4      | Noticed Natasha
  3471 | D:4      | Killed Natasha
  3560 | D:4      | Found a shimmering altar of Xom.
  3597 | D:4      | Reached skill level 1 in Stealth
  3827 | D:4      | Noticed Natasha
  3829 | D:4      | Noticed Grinder
  3832 | D:4      | Killed Natasha
  3834 | D:4      | Paralysed by something for 2 turns
  3848 | D:4      | Killed Grinder
  3849 | D:4      | Gained mutation: You are partially covered in thin metallic
                  | scales. (AC +2) [demonic ancestry]
  3849 | D:4      | Reached XP level 7. HP: 14/55 MP: 2/7
  4113 | D:4      | Reached skill level 5 in Armour
  4302 | D:4      | Noticed Natasha
  4308 | D:4      | Killed Natasha
  4384 | D:5      | Entered Level 5 of the Dungeon
  4414 | D:5      | Reached skill level 3 in Long Blades
  4903 | D:5      | Found a staircase to the Ecumenical Temple.
  4956 | D:5      | Reached skill level 5 in Fighting
  5192 | D:5      | Gained mutation: A meltable icy envelope protects you from
                  | harm. (AC +8) [demonic ancestry]
  5192 | D:5      | Reached XP level 8. HP: 57/62 MP: 2/8
  5254 | Temple   | Entered the Ecumenical Temple
  5533 | D:5      | Reached skill level 4 in Long Blades
  5573 | D:5      | Noticed Ijyb
  5576 | D:5      | Paralysed by Ijyb for 7 turns
  5584 | D:5      | Killed Ijyb
  5622 | D:5      | Noticed Pikel
  5648 | D:5      | Killed Pikel
  6158 | D:6      | Gained mutation: Spells you cast may paralyse adjacent
                  | enemies. [demonic ancestry]
  6158 | D:6      | Reached XP level 9. HP: 44/68 MP: 3/9
  6277 | D:6      | Reached skill level 5 in Long Blades
  6289 | D:6      | Reached skill level 1 in Throwing
  6522 | D:6      | Reached skill level 1 in Spellcasting
  6781 | D:6      | Found an ornate altar of the Wu Jian Council.
  6794 | D:6      | Noticed Sigmund
  6801 | D:6      | Killed Sigmund
  7044 | D:6      | Found a shimmering blue altar of Sif Muna.
  7227 | Temple   | Became a worshipper of Qazlal Stormbringer
  7434 | D:1      | Bought a brightly glowing great sword for 253 gold pieces
  7434 | D:1      | Identified the +10 great sword of the Shore {pain, rPois
                  | rN+} (You bought it in a shop on level 1 of the Dungeon)
  7660 | D:7      | Found a hide-covered altar of Uskayaw.
  7800 | D:7      | Reached skill level 1 in Necromancy
  7859 | D:7      | Reached skill level 6 in Long Blades
  7875 | D:7      | Reached * piety under Qazlal
  8009 | D:7      | Found Orghamm's Antique Weapon Boutique.
  8854 | D:8      | Found an iron altar of Okawaru.
  8901 | D:8      | Reached skill level 7 in Long Blades
  8901 | D:8      | Gained mutation: You have a pair of large horns on your
                  | head. [demonic ancestry]
  8901 | D:8      | Reached XP level 10. HP: 76/76 MP: 13/13
  9234 | D:9      | Noticed a centaur warrior
  9244 | D:9      | Killed a centaur warrior
  9980 | D:10     | Entered Level 10 of the Dungeon
  9980 | D:10     | Noticed a two-headed ogre
  9983 | D:10     | Killed a two-headed ogre
  9984 | D:10     | Reached skill level 8 in Long Blades
  9992 | D:10     | Reached ** piety under Qazlal
  9993 | D:10     | Found a flagged portal.
 10029 | Bailey   | Entered a bailey
 10304 | Bailey   | Noticed an orc knight
 10325 | Bailey   | Killed an orc knight
 10326 | Bailey   | Reached skill level 9 in Long Blades
 10576 | Bailey   | Noticed an orc warlord
 10576 | Bailey   | Noticed an orc knight
 10585 | Bailey   | Reached skill level 1 in Axes
 10585 | Bailey   | Reached skill level 1 in Maces & Flails
 10585 | Bailey   | Reached skill level 1 in Polearms
 10585 | Bailey   | Reached skill level 1 in Staves
 10585 | Bailey   | Reached skill level 1 in Slings
 10585 | Bailey   | Reached skill level 1 in Bows
 10585 | Bailey   | Reached skill level 1 in Crossbows
 10585 | Bailey   | Reached skill level 1 in Unarmed Combat
 10585 | Bailey   | Reached skill level 1 in Conjurations
 10585 | Bailey   | Reached skill level 1 in Hexes
 10585 | Bailey   | Reached skill level 1 in Summonings
 10585 | Bailey   | Reached skill level 5 in Necromancy
 10585 | Bailey   | Reached skill level 1 in Translocations
 10585 | Bailey   | Reached skill level 1 in Transmutations
 10585 | Bailey   | Reached skill level 1 in Fire Magic
 10585 | Bailey   | Reached skill level 1 in Ice Magic
 10585 | Bailey   | Reached skill level 1 in Air Magic
 10585 | Bailey   | Reached skill level 1 in Earth Magic
 10585 | Bailey   | Reached skill level 1 in Poison Magic
 10585 | Bailey   | Reached skill level 1 in Invocations
 10585 | Bailey   | Reached skill level 1 in Evocations
 10585 | Bailey   | Reached XP level 11. HP: 84/84 MP: 14/14
 10587 | Bailey   | Gained mutation: You have sharp toenails. [potion of
                  | mutation]
 10587 | Bailey   | Gained mutation: You have sharp fingernails. [potion of
                  | mutation]
 10600 | Bailey   | Killed an orc warlord
 10601 | Bailey   | Reached XP level 12. HP: 30/91 MP: 15/15
 10604 | Bailey   | Reached *** piety under Qazlal
 10608 | Bailey   | HP: 3/91 [orc warrior/+0 broad axe (10)]
 11063 | Bailey   | Acquired 307 gold pieces
 11119 | D:10     | Found a broken altar of Ashenzari.
 11126 | D:10     | Found a basalt altar of Yredelemnul.
 11500 | D:10     | Found a staircase to the Lair.
 11500 | D:10     | Noticed a death yak
 11501 | D:10     | Noticed a death yak
 11506 | D:10     | Noticed a death yak
 11507 | D:10     | Reached skill level 10 in Long Blades
 11511 | D:10     | Killed a death yak
 11531 | D:10     | Killed a death yak
 11549 | D:10     | Killed a death yak
 12180 | D:10     | Found a hazy altar of Hepliaklqana.
 12595 | D:11     | Noticed a two-headed ogre
 12596 | D:11     | Noticed a two-headed ogre
 12600 | D:11     | Noticed an ogre mage
 12601 | D:11     | Noticed a two-headed ogre
 12612 | D:11     | Killed a two-headed ogre
 12616 | D:11     | Killed a two-headed ogre
 12617 | D:11     | Reached skill level 11 in Long Blades
 12623 | D:11     | HP: 2/92 [troll (9)]
 12640 | D:11     | Found a staircase to the Orcish Mines.
 13006 | D:10     | Learned a level 3 spell: Call Canine Familiar
 13032 | D:11     | Killed a two-headed ogre
 13037 | D:11     | Killed an ogre mage
 13230 | D:11     | Reached **** piety under Qazlal
 13267 | D:11     | Noticed a tengu warrior
 13275 | D:11     | Killed a tengu warrior
 13279 | D:11     | Reached skill level 12 in Long Blades
 13283 | D:11     | HP: 4/92 [something (7)]
 13302 | D:11     | HP: 4/92 [centaur warrior zombie (5)]
 13303 | D:11     | HP: 1/92 [centaur warrior zombie (4)]
 13743 | D:11     | Identified the +3 scale mail of Hedonism {Stlth+}
 13815 | D:11     | Found a large runed translucent door.
 13815 | D:11     | Found a large runed translucent door.
 13819 | D:11     | Noticed nickcage's ghost (novice DjFE)
 13838 | D:12     | Noticed a four-headed hydra
 13851 | D:11     | Killed a seven-headed hydra
 13852 | D:11     | Reached XP level 13. HP: 59/98 MP: 16/16
 14024 | D:11     | Killed nickcage's ghost
 14753 | Lair:1   | Entered Level 1 of the Lair of Beasts
 14887 | Lair:1   | Noticed Joseph
 14896 | Lair:1   | Killed Joseph
 15781 | Lair:2   | Reached skill level 5 in Invocations
 16081 | Lair:2   | Reached skill level 13 in Long Blades
 16173 | Lair:2   | Reached skill level 5 in Dodging
 16755 | Lair:3   | Reached ***** piety under Qazlal
 16969 | Lair:3   | Found a hole to the Spider Nest.
 17077 | Lair:3   | Found a staircase to the Shoals.
 17647 | Lair:4   | Noticed Nergalle
 17656 | Lair:4   | Killed Nergalle
 17708 | Lair:4   | Reached XP level 14. HP: 78/108 MP: 19/19
 18078 | Lair:4   | Identified the amulet "Zangoi" {Faith Str+5}
 18108 | Lair:4   | Reached skill level 14 in Long Blades
 18791 | Lair:5   | Reached skill level 10 in Fighting
 19818 | Lair:5   | Found a runed translucent door.
 19820 | Lair:5   | Noticed Serogusm's ghost (journeyman CeAM)
 19832 | Lair:5   | Killed Serogusm's ghost
 20221 | Lair:6   | Entered Level 6 of the Lair of Beasts
 20237 | Lair:5   | Reached ****** piety under Qazlal
 20452 | Lair:6   | Reached skill level 5 in Shields
 20685 | Lair:5   | Learned a level 3 spell: Mephitic Cloud
 21050 | Lair:6   | Found a runed translucent gate.
 21050 | Lair:6   | Found a runed translucent gate.
 21050 | Lair:6   | Found a viscous altar of Jiyva.
 21050 | Lair:6   | Found a runed translucent gate.
 21050 | Lair:6   | Noticed an azure jelly
 21050 | Lair:6   | Noticed an azure jelly
 21050 | Lair:6   | Noticed an azure jelly
 21050 | Lair:6   | Noticed an acid blob
 21050 | Lair:6   | Noticed an azure jelly
 21050 | Lair:6   | Noticed Tyvvaakk's ghost (journeyman MfBe)
 21050 | Lair:6   | Noticed an azure jelly
 21050 | Lair:6   | Noticed an azure jelly
 21050 | Lair:6   | Noticed an acid blob
 21051 | Lair:6   | Noticed a rockslime
 21086 | Lair:6   | Reached skill level 15 in Long Blades
 21193 | Lair:6   | Gained mutation: A meltable icy envelope protects you from
                  | harm. (AC +8) [demonic ancestry]
 21193 | Lair:6   | Reached XP level 15. HP: 117/117 MP: 21/21
 21238 | Lair:6   | Lost mutation: You have sharp toenails. [potion of
                  | mutation]
 21238 | Lair:6   | Lost mutation: You have sharp fingernails. [potion of
                  | mutation]
 21238 | Lair:6   | Gained mutation: Your mind is acute. (Int +2) [potion of
                  | mutation]
 22407 | Lair:5   | Found a staircase to the Slime Pits.
 22954 | D:12     | Noticed Maurice
 22960 | D:12     | Killed Maurice
 24074 | D:13     | Noticed Erolcha
 24103 | D:12     | Killed Erolcha
 24877 | D:13     | Found a gate to the Vaults.
 24975 | D:13     | Found Erimit's Book Emporium.
 25555 | D:14     | Found a runed translucent gate.
 25555 | D:14     | Found a runed translucent gate.
 25555 | D:14     | Found a runed translucent gate.
 25557 | D:14     | Noticed Vuitwomp's ghost (journeyman MiGl)
 25561 | D:14     | Noticed Kirke
 25566 | D:14     | Killed Kirke
 25936 | D:14     | Noticed a sphinx
 25937 | D:14     | Paralysed by a sphinx for 7 turns
 25946 | D:14     | Killed a sphinx
 26071 | D:14     | Identified the +5 triple crossbow "Iciebb" {freeze, rC++
                  | Str-5}
 26854 | D:14     | Reached XP level 16. HP: 106/125 MP: 23/23
 27329 | D:15     | Entered Level 15 of the Dungeon
 27334 | D:15     | Reached skill level 16 in Long Blades
 27424 | D:15     | Found a staircase to the Depths.
 27478 | D:15     | Reached skill level 10 in Invocations
 27480 | D:15     | Reached skill level 10 in Necromancy
 27510 | D:15     | Found a gate leading to a gauntlet.
 27517 | Gauntlet | Entered a Gauntlet
 27517 | Gauntlet | Found a transporter.
 27517 | Gauntlet | Found a transporter.
 27547 | Gauntlet | Found a transporter.
 27551 | Gauntlet | Found a transporter.
 27561 | Gauntlet | Found a transporter.
 27565 | Gauntlet | Found a transporter.
 27577 | Gauntlet | Found a transporter.
 27596 | Gauntlet | Found a transporter.
 27619 | Gauntlet | Found a transporter.
 27619 | Gauntlet | Found a transporter.
 27619 | Gauntlet | Found a transporter.
 27667 | Gauntlet | Found a transporter.
 27860 | Gauntlet | Identified the ring of Sif Muna's Generosity {*Slow rPois
                  | rN++ Str+6 Stlth+}
 27901 | Gauntlet | Identified the ring "Zos Reci" {rPois rC+}
 27909 | Gauntlet | Lost mutation: Your mind is acute. (Int +2) [potion of
                  | mutation]
 27909 | Gauntlet | Gained mutation: You possess an exceptional clarity of
                  | mind. [potion of mutation]
 27909 | Gauntlet | Gained mutation: Your muscles are strong. (Str +2) [potion
                  | of mutation]
 27929 | Gauntlet | Identified the +9 plate armour of Herrimuv {rElec rCorr
                  | Str+3}
 27945 | Gauntlet | Identified the +4 leather armour of the Elven Halls {Drain
                  | +Blink Int-5 Stlth+}
 28471 | D:15     | Found the +8 Wrath of Trog {antimagic, *Rage Rampage}
 28977 | D:15     | Found a sparkling altar of Nemelex Xobeh.
 29144 | Orc:1    | Entered Level 1 of the Orcish Mines
 29153 | Orc:1    | Reached skill level 10 in Armour
 29463 | Orc:2    | Entered Level 2 of the Orcish Mines
 29578 | Orc:2    | Noticed Urug
 29717 | Orc:2    | Paralysed by an orc sorcerer for 2 turns
 29873 | Orc:1    | Killed Urug
 30870 | Orc:2    | Found a runed translucent door.
 30871 | Orc:2    | Found Xipruef's Book Shoppe.
 30899 | Orc:2    | Learned a level 1 spell: Animate Skeleton
 30901 | Orc:2    | Learned a level 1 spell: Pain
 30910 | Orc:2    | Learned a level 3 spell: Vampiric Draining
 30925 | Orc:2    | Learned a level 4 spell: Anguish
 31074 | Orc:2    | Found Cump's Antique Weapon Shop.
 31139 | Orc:2    | Found Igeifush's General Store.
 31194 | Orc:2    | Found a staircase to the Elven Halls.
 31260 | Orc:2    | Found Kowewoc's Antique Armour Emporium.
 31268 | Orc:2    | Bought a pair of heavily runed boots for 266 gold pieces
 31268 | Orc:2    | Identified the +0 pair of boots of Zarownet {Drain Int+3
                  | SInv} (You bought it in a shop on level 2 of the Orcish
                  | Mines)
 31797 | Shoals:1 | Entered Level 1 of the Shoals
 32076 | Shoals:1 | Noticed a kraken
 32141 | Shoals:1 | Killed a kraken
 32613 | Shoals:1 | Found a runed translucent gate.
 32615 | Shoals:1 | Found a runed translucent gate.
 32618 | Shoals:1 | Found a runed translucent gate.
 32621 | Shoals:1 | Noticed Rofilut's ghost (adept GrFi)
 32685 | Shoals:1 | Noticed Louise
 32698 | Shoals:1 | Killed Louise
 32699 | Shoals:1 | Reached XP level 17. HP: 127/138 MP: 24/24
 32799 | Shoals:1 | Learned a level 5 spell: Agony
 35069 | Shoals:2 | Found Vare's Antique Armour Emporium.
 35078 | Shoals:2 | Bought a pair of runed boots for 210 gold pieces
 35337 | Shoals:3 | Reached skill level 15 in Fighting
 35833 | Shoals:4 | Entered Level 4 of the Shoals
 35946 | Shoals:4 | HP: 7/213 [alligator snapping turtle (14)]
 35948 | Shoals:4 | Mangled by a snapping turtle

Illustrated notes

Levels and vault maps discovered:
D:1:      amcnicky_arrival_underground_garden, layout_loops_ring, serial_shops,
          shop, minmay_heptomino_h4
D:2:      layout_basic, minmay_worlds_worst_comb
D:3:      layout_loops_corners, marbit_many_paths,
          chequers_ecumenical_altar_island, patterned_corridor
D:4:      layout_rooms, mainiacjoe_overflow_concentric_impassable,
          minmay_misc_feat_ornament, uniq_grinder, uniq_natasha, uniq_menkaure
D:5:      layout_rooms, minmay_temple_entry_mini_moons, uniq_ijyb, uniq_pikel
D:6:      layout_basic, kennysheep_orc_sif_temple, overflow_temple_1_default,
          pf_just_have_faith, uniq_sigmund
D:7:      layout_loops_cross, nicolae_overflow_hidden_temple, serial_shops, shop
D:8:      layout_gridville, lemuel_doored_altar, chequers_jeans,
          kennysheep_generic_room_11
D:9:      layout_roguey
D:10:     layout_layer_cave, mainiacjoe_overflow_six_doors_small,
          jmf_multi_god_temple, dpeg_lair_monsters, enter_bailey_5
D:11:     layout_cave_pools, orc_0_dummy, ebering_ghost_disaster_area
D:12:     layout_basic, serial_bayou, serial_bayou_pond_c,
          serial_bayou_lagoon_a, serial_bayou_pond_d, serial_bayou_pond_a,
          minmay_misc_feat_secret_circle, grunt_ministairs_14,
          nicolae_water_bricks, uniq_maurice
D:13:     layout_rooms, hangedman_vaults_entry_quadrant_bands, serial_shops,
          shop_fountains, elyvilon_altar_4, uniq_erolcha
D:14:     minmay_the_grid_net [minmay_the_grid_box_x,
          minmay_the_grid_minigrid_medium, minmay_the_grid_embedded,
          minmay_the_grid_all_tris, minmay_the_grid_diamond_grid,
          minmay_the_grid_prize_diamond_cup], layout_basic, hex_tiny,
          gammafunk_ghost_hydra_chop, uniq_kirke
D:15:     gammafunk_depths_entry_grave, layout_basic,
          nemelex_spade_bored_becter, gauntlet_entry_generic,
          minmay_guarded_unrand_wrath_of_trog
Temple:   nicolae_temple_hex_pool
Lair:1:   layout_chaotic_city, grunt_megastairs_2, serial_bayou_shore_a,
          serial_bayou_shore_b, uniq_joseph
Lair:2:   layout_chaotic_city
Lair:3:   layout_hall_layers, elwin_shoals_entry_stream,
          spider_nest_entry_web_field, nicolae_lair_grazing_beasts
          [nicolae_sub_lair_graze_edge, nicolae_sub_lair_graze_edge,
          nicolae_sub_lair_graze_edge, nicolae_sub_lair_graze_edge]
Lair:4:   layout_hall_layers, special_room [special_room_mythical_zoo],
          nicolae_lair_run_with_the_wolves, grunt_megastairs_3, uniq_nergalle
Lair:5:   layout_cave_pods, minmay_slime_entry_oklob_enclosed,
          ebering_ghost_reflecting_pool, minivault_23
Lair:6:   gammafunk_lair_ancient_temple, layout_cave_pods, gammafunk_ghost_ooze,
          serial_bayou_shore_b
Shoals:1: layout_shoals, gammafunk_ghost_tricky_traps, uniq_louise
Shoals:2: layout_shoals, serial_shops, nicolae_lakefront_shop
Shoals:3: layout_shoals
Shoals:4: shoals_end_grunt_ice, layout_shoals,
          portal_ice_cave_entry_pillars_four, hangedman_shoal_volcano
Orc:1:    layout_caves
Orc:2:    grunt_orc_gardens, layout_caves, grunt_orc_garden, grunt_orc_garden,
          grunt_orc_garden, grunt_orc_garden, lightli_church_of_beogh, uniq_urug

Skill      XL: |  1  2  3  4  5  6  7  8  9 10 11 12 13 14 15 16 17 |
---------------+----------------------------------------------------+-----
Long Blades    | 2 3 4 7 9 12 13 15 16 | 16.4
Armour         | 3 4 5 7 8 9 11 13 | 13.5
Shields        | 3 4 5 6 |  6.2
Short Blades   | 1 |  1.7
Fighting       | 4 5 6 7 8 9 10 11 13 15 | 15.5
Dodging        | 1 2 3 4 5 6 |  6.0
Stealth        | 1 2 3 |  3.0
Throwing       | 1 2 |  2.5
Spellcasting   | 2 |  2.0
Necromancy     | 2 5 6 8 9 10 | 10.4
Axes           | 1 |  1.0
Maces & Flails | 1 |  1.0
Polearms       | 1 |  1.0
Staves         | 1 |  1.0
Slings         | 1 |  1.0
Bows           | 1 2 3 |  3.0
Crossbows      | 1 |  1.0
Unarmed Combat | 1 |  1.0
Conjurations   | 1 4 |  4.0
Hexes          | 1 |  1.1
Summonings     | 1 |  1.1
Translocations | 1 |  1.6
Transmutations | 1 |  1.6
Fire Magic     | 1 |  1.0
Ice Magic      | 1 |  1.0
Air Magic      | 1 2 3 4 |  4.7
Earth Magic    | 1 |  1.2
Poison Magic   | 1 2 4 |  4.1
Invocations    | 1 3 6 8 9 10 | 10.3
Evocations     | 1 2 |  2.6

Action                   |  1- 3 |  4- 6 |  7- 9 | 10-12 | 13-15 | 16-18 || total
-------------------------+-------+-------+-------+-------+-------+-------++-------
Melee: Long sword        |    33 |       |       |       |       |       ||    33
       Dagger            |    74 |   129 |     6 |       |    55 |     8 ||   272
       Headbutt          |     9 |    18 |    47 |    49 |   158 |    96 ||   377
       Falchion          |       |    26 |   290 |       |     4 |     1 ||   321
       Great sword       |       |       |    65 |   285 |   642 |   456 ||  1448
       Kick              |       |       |       |    48 |   151 |       ||   199
       Punch             |       |       |       |       |     1 |     1 ||     2
       Unarmed           |       |       |       |       |       |     1 ||     1
       Scimitar          |       |       |       |       |       |     5 ||     5
 Fire: Shortbow          |       |       |       |       |    59 |    69 ||   128
Throw: Dart              |       |       |     6 |       |       |       ||     6
       Boomerang         |       |       |     6 |    14 |    15 |       ||    35
       Javelin           |       |       |       |       |       |     4 ||     4
 Cast: Mephitic Cloud    |       |       |       |       |     1 |       ||     1
       Pain              |       |       |       |       |       |    18 ||    18
       Animate Skeleton  |       |       |       |       |       |     3 ||     3
Invok: Upheaval          |       |       |       |       |     1 |       ||     1
       Disaster Area     |       |       |       |       |     1 |       ||     1
Evoke: Wand              |       |       |       |     8 |     2 |     9 ||    19
  Use: Scroll            |       |     5 |     2 |     5 |    13 |     6 ||    31
       Potion            |       |     3 |     6 |    11 |     6 |     6 ||    32
 Stab: Invisible         |       |       |       |     1 |       |       ||     1
       Paralysed         |       |       |       |     1 |       |       ||     1
       Petrified         |       |       |       |       |     1 |       ||     1
       Held in net/web   |       |       |       |       |       |     1 ||     1
Armor: Scale mail        |    47 |    62 |   199 |   142 |   362 |    43 ||   855
       Skin              |       |     4 |    33 |     7 |       |       ||    44
       Plate armour      |       |       |       |       |       |   301 ||   301
Dodge: Dodged            |    46 |    54 |   142 |   139 |   304 |   244 ||   929
       Repelled          |       |       |       |       |    11 |    14 ||    25
Block: Buckler           |    26 |    38 |    91 |       |       |       ||   155
       Other             |       |       |    47 |   187 |   584 |   561 ||  1379
       Reflection        |       |       |     3 |     8 |    22 |    67 ||   100
